Map: Central Protocol

Players

Sidereal - Winner!

  • Race: Zerg Zerg
  • League: Silver

LilDicky

  • Race: Terran Terran
  • League: Platinum

VOD

http://www.twitch.tv/tumescentpie

Description

Time

  • Played on: Nov. 20, 2015, 11:28 p.m.
  • Length: 9:02
Show
View Real Time Build Order
Export as new Build Order

Sidereal Zerg - Winner!

Build Orders: Hatch First 

Get SALT Encoding   

  12  0:01  Drone  
  13  0:13  Overlord  
  13  0:17  Drone  
  14  0:31  Drone  
  14  0:32  Drone  
  14  0:35  Drone  
  17  0:46  Drone  
  18  0:58  Drone  
  18  0:59  Hatchery  
  18  1:13  Spawning Pool  
  18  1:15  Drone  
  18  1:19  Extractor  
  18  1:20  Drone  
  18  1:29  Drone  
  19  1:41  Overlord  
  19  2:00  Queen  
  21  2:01  Zergling x2  
  21  2:02  Zergling x2  
  23  2:11  Queen  
  23  2:12  Drone x2  
  27  2:19  Metabolic Boost  
  27  2:24  Drone  
  27  2:25  Drone  
  29  2:35  Drone x2  
  31  2:45  Overlord  
  31  2:47  Queen  
  31  2:51  Drone  
  34  3:03  Drone x2  
  35  3:08  Hatchery  
  34  3:13  Drone x4  
  34  3:14  Drone  
  39  3:24  Overlord  
  39  3:29  Drone x4  
  44  3:41  Zergling x2  
  44  3:46  Drone x4  
  48  3:49  Queen  
  50  4:01  Extractor  
  49  4:03  Extractor  
  49  4:04  Overlord  
  49  4:07  Drone x4  
  52  4:13  Extractor  
  52  4:15  Lair  
  51  4:20  Evolution Chamber  
  50  4:26  Overlord  
  50  4:27  Drone  
  50  4:28  Drone x4  
  55  4:41  Drone x4  
  55  4:43  Zergling x8  
  63  4:46  Zerg Melee Weapons Level 1  
  63  4:53  Evolution Chamber  
  63  4:55  Baneling Nest  
  63  4:57  Zergling x10, Extractor  
  63  5:14  Queen  
  65  5:21  Spire  
  65  5:22  Drone x6  
  65  5:26  Overlord, Spore Crawler  
  65  5:27  Overseer  
  69  5:30  Zerg Ground Armor Level 1  
  69  5:33  Drone x3  
  72  5:37  Drone x2  
  72  5:39  Overlord  
  74  5:53  Extractor  
  74  5:56  Overlord  
  73  6:04  Overlord  
  73  6:12  Drone x2  
  73  6:13  Drone x6  
  73  6:16  Hatchery  
  80  6:19  Overlord  
  80  6:26  Overlord  
  77  6:41  Overlord  
  77  6:42  Mutalisk x4  
  77  6:45  Mutalisk x5  
  92  6:54  Mutalisk x3  
  94  7:03  Mutalisk x2  
  99  7:08  Drone x3  
  99  7:09  Drone x4  
  99  7:12  Mutalisk  
  107  7:18  Queen  
  109  7:25  Hatchery, Mutalisk x2  
  112  7:30  Zergling x14  
  112  7:34  Overlord  
  119  7:38  Drone x4  
  119  7:43  Infestation Pit  
  122  7:45  Queen, Extractor  
  122  7:50  Mutalisk  
  122  7:51  Mutalisk  
  125  7:52  Mutalisk  
  125  7:58  Overlord  
  127  8:00  Zergling x10  
  130  8:07  Mutalisk x3  
  130  8:09  Zergling x6  
  137  8:19  Spore Crawler  
  136  8:20  Overlord  
  136  8:23  Overlord  
  136  8:25  Mutalisk  
  136  8:26  Mutalisk  
  140  8:37  Mutalisk x2  
  140  8:39  Overlord  
  140  8:40  Zergling x8  
  159  9:00  Extractor  
Show
View Real Time Build Order
Export as new Build Order

LilDicky Terran 

Build Orders: Command Center First (CC), Liberator Opening 

Get SALT Encoding   

  12  0:01  SCV  
  13  0:17  SCV  
  14  0:26  Supply Depot  
  14  0:29  SCV  
  15  0:47  SCV  
  16  0:59  SCV  
  17  1:07  Command Center  
  17  1:11  SCV  
  18  1:19  Barracks  
  18  1:23  SCV  
  19  1:31  Refinery  
  19  1:34  Refinery  
  19  1:36  SCV  
  20  1:48  SCV  
  21  2:00  SCV  
  22  2:13  Marine  
  22  2:14  Supply Depot  
  22  2:15  Orbital Command  
  23  2:23  Factory  
  23  2:31  Marine  
  23  2:35  Orbital Command  
  24  2:50  SCV  
  25  2:51  Marine  
  26  3:02  SCV  
  26  3:08  Factory Tech Lab  
  26  3:09  Marine  
  26  3:11  SCV, Starport  
  28  3:14  SCV  
  29  3:23  SCV  
  30  3:33  SCV  
  31  3:35  Liberator, Marine  
  32  3:42  Siege Tank  
  32  3:47  Supply Depot  
  38  3:56  Command Center  
  38  3:59  Supply Depot, SCV  
  38  4:00  SCV  
  40  4:10  Marine  
  40  4:11  SCV  
  40  4:14  SCV  
  43  4:17  Siege Tank  
  43  4:24  SCV  
  47  4:26  SCV  
  47  4:28  Marine  
  49  4:36  SCV  
  49  4:37  Starport Reactor  
  50  4:38  SCV  
  51  4:45  Refinery  
  51  4:46  Refinery, Starport, Marine  
  51  4:48  SCV  
  51  4:51  SCV, Siege Tank  
  57  5:00  SCV  
  57  5:02  Liberator  
  57  5:04  Marine  
  59  5:27  SCV  
  59  5:28  SCV  
  61  5:31  Command Center  
  61  5:36  Factory Reactor  
  61  5:38  Orbital Command  
  61  5:40  Refinery  
  61  5:41  SCV  
  62  5:47  Liberator  
  62  5:57  SCV x2  
  62  5:58  Cloaking Field  
  62  5:59  Banshee  
  67  6:07  SCV  
  71  6:12  Command Center  
  71  6:15  SCV x2  
  73  6:21  SCV  
  73  6:23  Hellion  
  76  6:32  Command Center  
  76  6:33  Hellion  
  75  6:40  SCV x2, Liberator  
  75  6:41  Liberator  
  75  6:43  SCV  
  69  7:01  Banshee  
  78  7:03  Orbital Command  
  78  7:08  SCV x2  
  80  7:16  SCV, Engineering Bay  
  80  7:20  SCV x2  
  83  7:28  SCV  
  84  7:35  Hellion x2  
  88  7:39  SCV x3  
  88  7:40  SCV  
  92  7:45  SCV  
  93  7:51  SCV  
  93  7:53  Liberator  
  93  7:54  Liberator  
  88  8:02  Liberator  
  79  8:10  Missile Turret  
Tags
 
Add a new tag
Caveats
  • Supply blocks, unpowered buildings, or Contaminate may cause inaccurate times.
  • Supply counts are checked every 10 seconds.